 Dungeon Crawl Stone Soup version 0.29-a0-297-g7659ce593d (webtiles) character file.

Game seed: 2621348761642245474

2 kae the Firebug (level 1, 0/10 HPs)
             Began as a Tengu Fire Elementalist on Mar 20, 2022.
             Frozen to death by an endoplasm (5 damage)
             ... on level 1 of the Dungeon.
             The game lasted 00:00:07 (144 turns).

kae the Firebug (Tengu Fire Elementalist)            Turns: 144, Time: 00:00:08

Health: 0/10       AC:  2    Str:  8    XL:     1   Next: 40%
Magic:  2/4        EV: 12    Int: 15    God:
Gold:   9          SH:  0    Dex: 14    Spells: 3/4 levels left

rFire   . . .      SeeInvis .   (no weapon)
rCold   . . .      Faith    .   (no shield)
rNeg    . . .      Spirit   .   a - +0 robe
rPois   .          Reflect  .   (helmet restricted)
rElec   .          Harm     .   (no cloak)
rCorr   .          Rampage  .   (no gloves)
Will    .....                   (boots unavailable)
Stlth   ++........              (no amulet)
HPRegen 0.03/turn               (no ring)
MPRegen 0.09/turn               (no ring)

@: no status effects
A: beak, talons 3
a: no special abilities


You were on level 1 of the Dungeon.
You visited 1 branch of the dungeon, and saw 1 of its levels.

You collected 9 gold pieces.

Inventory:

Armour
 a - a +0 robe (worn)
Jewellery
 c - an amulet of magic regeneration
Potions
 b - a potion of magic
 d - 2 potions of haste {unknown}


   Skills:
 + Level 0.1 Fighting
 - Level 2.1 Dodging
 - Level 2.0 Stealth
 + Level 2.0 Spellcasting
 + Level 1.5 Conjurations
 * Level 3.3 Fire Magic


You had 3 spell levels left.
You knew the following spells:

 Your Spells              Type           Power      Damage    Failure   Level
a - Foxfire               Conj/Fire      32%        2x1d5     9%          1

Your spell library contained the following spells:

 Spells                   Type           Power      Damage    Failure   Level
 Scorch                   Fire           22%        2d6       9%          2
 Conjure Flame            Conj/Fire      8%         6-21      24%         3
 Inner Flame              Hex/Fire       6%         N/A       32%         3
 Flame Wave               Conj/Fire      8%         2d5       63%         4


Dungeon Overview and Level Annotations

Branches:
Dungeon (1/15)

Altars:


Innate Abilities, Weirdness & Mutations

You have a beak for a mouth.
You have claws for feet.


Message History

You conjure some foxfire!
A ball python is nearby!
A ball python is nearby!
Things that are here:
a +0 club; a kobold corpse
Casting: Foxfire (safe; 9% risk of failure)
Confirm with . or Enter, or press ? or * to list all spells.
You conjure some foxfire!
The ball python hisses angrily.
The foxfire hits the ball python.
You kill the ball python!
Your foxfire dissipates!
You now have 9 gold pieces.
An endoplasm comes into view.
An endoplasm is nearby!
Casting: Foxfire (safe; 9% risk of failure)
Confirm with . or Enter, or press ? or * to list all spells.
You conjure some foxfire!
The endoplasm quivers.
Your foxfire dissipates!
An endoplasm is nearby!
An endoplasm is nearby!
Found a leather armour.
Casting: Foxfire (safe; 9% risk of failure)
Confirm with . or Enter, or press ? or * to list all spells.
You conjure some foxfire!
The endoplasm hits you. The endoplasm freezes you.
You are frozen.
An endoplasm is nearby!
An endoplasm is nearby!
You are too injured to fight recklessly!
An endoplasm is nearby!
You hit the endoplasm but do no damage. You claw the endoplasm.
You peck the endoplasm.
You punch the endoplasm, but do no damage.
The endoplasm is almost dead.
The endoplasm freezes you.
You are frozen.
Ouch! That really hurt!
You die...

## ##############.
#####..............
#.....############.
#.##### ###>. #..#
#.... ##.# ##.#..
#v# #..... #@#
#...#.. #J# .......
#.. ...... #..[
...... ..... ......
...... #.##..
....... #. #..
###...... . # #.


You could see an endoplasm (ally target).

Vanquished Creatures
  2 ball pythons (D:1)
  A frilled lizard (D:1)
  A kobold (D:1)
4 creatures vanquished.

Vanquished Creatures (others)
  11 foxfires (D:1)
11 creatures vanquished.

Grand Total: 15 creatures vanquished

Notes
Turn   | Place    | Note
-------+----------+-------------------------------------------
     0 | D:1      | kae the Tengu Fire Elementalist began the quest for the
                  | Orb.
     0 | D:1      | Reached XP level 1. HP: 10/10 MP: 4/4
   144 | D:1      | Frozen to death by an endoplasm

Illustrated notes

Levels and vault maps discovered:
D:1:      minmay_arrival_radiant_lines, layout_rooms, minmay_unequal

Action                   || total
-------------------------++-------
Melee: Unarmed           ||     1
       Kick              ||     1
       Peck              ||     1
       Punch             ||     1
 Cast: Foxfire           ||     9

Table legend: (Time is in decaauts)
 A = Elapsed time spent in this place.
 B = Non-inter-level travel time spent in this place.
 C = Inter-level travel time spent in this place.
 D = Time resting spent in this place.
 E = Time spent auto-exploring this place.
 F = Levels seen in this place.
 G = Mean time per level.
                   A        B        C        D        E       F      G
               +--------+--------+--------+--------+--------+-----+--------+
         Total |    144 |    144 |      0 |      0 |    112 |   1 |  144.0 |
       Dungeon |    144 |    144 |      0 |      0 |    112 |   1 |  144.0 |
               +--------+--------+--------+--------+--------+-----+--------+

Top non-repeatable levels by time:
     D:1: 144 daAuts
